 Dungeon Crawl Stone Soup version 0.29.0-4-gdea44cf6ec (webtiles) character file.

Game seed: 6725311049288502017

778 qw the Chopper (level 7, -7/41 HPs)
             Began as a Tengu Warper on Aug 28, 2022.
             Was an Initiate of Okawaru.
             Mangled by a two-headed ogre
             ... wielding a +0 giant club
              (20 damage)
             ... on level 5 of the Dungeon.
             The game lasted 00:00:33 (5966 turns).

qw the Chopper (Tengu Warper)                       Turns: 5966, Time: 00:00:33

Health: -7/41      AC: 12    Str: 19    XL:     7   Next: 85%
Magic:  10/11      EV:  7    Int: 13    God:    Okawaru [......]
Gold:   257        SH:  0    Dex: 14    Spells: 10/10 levels left

rFire   . . .      SeeInvis .   Y - +0 hand axe
rCold   . . .      Faith    .   (no shield)
rNeg    . . .      Spirit   .   g - +0 plate armour
rPois   .          Reflect  .   (helmet restricted)
rElec   .          Harm     .   (no cloak)
rCorr   +          Rampage  .   n - +0 pair of gloves
Will    .....                   (boots unavailable)
Stlth   ..........              (no amulet)
HPRegen 0.13/turn               l - +6 ring of strength
MPRegen 0.12/turn               i - ring of resist corrosion

@: flying quickly and evasively, quick
A: beak, talons 3, nimble flight
a: Renounce Religion


You were on level 5 of the Dungeon.
You worshipped Okawaru.
Okawaru was noncommittal.
You visited 2 branches of the dungeon, and saw 6 of its levels.

You collected 257 gold pieces.


Innate Abilities, Weirdness & Mutations

You have a beak for a mouth.
You have claws for feet.
Your magical nature lets you fly swiftly and evasively.


   Skills:
 - Level 3.2 Fighting
 + Level 7.9 Axes
 - Level 1.9 Throwing
 - Level 3.9 Armour
 - Level 2.1 Dodging
 - Level 2.0 Spellcasting
 - Level 2.4 Translocations


You had 10 spell levels left.
You didn't know any spells.
Your spell library contained the following spells:

 Spells                   Type           Power      Damage    Failure   Level
 Blink                    Tloc           14%        N/A       99%         2
 Gell's Gravitas          Tloc           7%         N/A       100%        3
 Lesser Beckoning         Tloc           7%         N/A       100%        3
 Teleport Other           Tloc           7%         N/A       100%        3
 Manifold Assault         Tloc           7%         N/A       100%        5

Inventory:

Hand Weapons
 c - a +0 flail
 Y - a +0 hand axe (weapon)
Missiles
 m - 4 boomerangs (quivered)
Armour
 g - a +0 plate armour (worn)
 n - a +0 pair of gloves (worn)
Jewellery
 i - a ring of resist corrosion (right hand)
 l - a +6 ring of strength (left hand)
Scrolls
 d - a scroll of identify
Potions
 a - a potion of cancellation
 b - a potion of mutation
 e - a potion of brilliance {unknown}
 f - a potion of berserk rage {unknown}
 j - a potion of might {unknown}
 o - a potion of attraction {unknown}

Dungeon Overview and Level Annotations

Branches:
Dungeon (5/15)             Temple (1/1) D:4

Altars:
Ashenzari
Cheibriados
Dithmenos
Elyvilon
Gozag
Hepliaklqana
Kikubaaqudgha
Makhleb
Nemelex Xobeh
Okawaru
Qazlal
Sif Muna
Trog
Vehumet
Wu Jian
Xom
Yredelemnul
Zin
The Shining One

Annotations:
D:3 1 runed translucent door, qw's ghost, amateur TeWr
D:4 1 runed translucent door, qw's ghost, amateur TeWr


Message History

The two-headed ogre is moderately wounded.
Throw: javelin (silver)
Press: ? - help, Q - select action, (/) - cycle Shift-Dir - straight line, f/p - two-headed ogre You throw a silver javelin.
The silver javelin pierces through the two-headed ogre.
The two-headed ogre is heavily wounded.
Throw: 4 boomerangs
Press: ? - help, Q - select action Shift-Dir - straight line, f/p - two-headed ogre You throw a boomerang.
The boomerang hits the two-headed ogre.
The two-headed ogre is heavily wounded.
You hit the two-headed ogre. You claw the two-headed ogre.
The two-headed ogre is severely wounded.
The two-headed ogre hits you but does no damage.
The two-headed ogre completely misses you.
You hit the two-headed ogre but do no damage.
Your kick misses the two-headed ogre. Your peck misses the two-headed ogre.
The two-headed ogre is heavily wounded.
You hit the two-headed ogre but do no damage.
The two-headed ogre is heavily wounded.
The two-headed ogre hits you with a +0 giant club!
The two-headed ogre hits you with a +0 giant spiked club.
You slash the two-headed ogre! Your kick misses the two-headed ogre.
You peck the two-headed ogre.
The two-headed ogre is severely wounded.
You hit the two-headed ogre. Your kick misses the two-headed ogre.
The two-headed ogre is almost dead.
You barely miss the two-headed ogre.
The two-headed ogre is almost dead.
The two-headed ogre hits you with a +0 giant club.
The two-headed ogre hits you with a +0 giant spiked club!
You barely miss the two-headed ogre.
You claw the two-headed ogre, but do no damage.
You peck the two-headed ogre, but do no damage.
The two-headed ogre is almost dead.
You hit the two-headed ogre but do no damage.
You claw the two-headed ogre. You punch the two-headed ogre.
The two-headed ogre is almost dead.
You feel like a meek peon again.
The two-headed ogre hits you with a +0 giant club!!
You die...

##.....## #(# ##...##
#.# ##'## ##.## #.#
#...# #.# #...# ##.##
####...#### ##...##
#....O....####.....#
#....@............####
#.........######......
####...#### #######
#...# #...# #####


You could see a two-headed ogre.

Vanquished Creatures
  Eustachio (D:4)
  A water moccasin (D:5)
  A phantom (D:5)
  A scorpion (D:4)
  2 jellies
  An iguana (D:4)
  Terence (D:2)
  Jessica (D:3)
  4 orc wizards
  Robin (D:4)
  4 adders
  2 worms
  A dart slug (D:5)
  7 orcs
  9 endoplasms
  4 giant cockroaches
  21 goblins
  11 hobgoblins
  3 jackals (D:4)
  11 quokkas
  7 ball pythons
  5 bats
  5 kobolds
  3 rats
107 creatures vanquished.

Vanquished Creatures (others)
  2 fungi (D:1)
  A plant (D:1)
  3 withered plants (D:1)
6 creatures vanquished.

Grand Total: 113 creatures vanquished

Notes
Turn   | Place    | Note
-------+----------+-------------------------------------------
     0 | D:1      | qw the Tengu Warper began the quest for the Orb.
     0 | D:1      | Reached XP level 1. HP: 12/12 MP: 4/4
     0 | D:1      | 0 ||| qw: Version: 0.1-a-89-g26bdef1
     0 | D:1      | 0 ||| qw: Game counter: 1137
     0 | D:1      | 0 ||| qw: Always use a shield: true
     0 | D:1      | 0 ||| qw: God list: Okawaru
     0 | D:1      | 0 ||| qw: Allow faded altars: false
     0 | D:1      | 0 ||| qw: Do Orc after D:15 true
     0 | D:1      | 0 ||| qw: Do second Lair branch before Depths: true
     0 | D:1      | 0 ||| qw: Lair rune preference: random
     0 | D:1      | 0 ||| qw: Plans: Normal
     0 | D:1      | 0 ||| PLANNING D:1-11
    33 | D:1      | Found a faded altar of an unknown god.
   152 | D:1      | Reached skill level 3 in Axes
   152 | D:1      | Reached XP level 2. HP: 17/17 MP: 6/6
   366 | D:1      | 366 ||| DROPPING +0 club.
   680 | D:1      | Reached XP level 3. HP: 17/21 MP: 7/7
   803 | D:1      | 803 ||| Stepping ~*~*~tactically~*~*~ (stealth).
   959 | D:1      | 959 ||| UPGRADING to +0 chain mail.
   969 | D:1      | 969 ||| DROPPING +0 leather armour.
   970 | D:1      | 970 ||| READING scroll labelled DAUGU LENEBE.
   971 | D:1      | 971 ||| READING scroll labelled KUNULE ZEGI.
   972 | D:1      | 972 ||| DROPPING scroll of blinking.
  1189 | D:2      | 1189 ||| Stepping ~*~*~tactically~*~*~ (stealth).
  1201 | D:2      | 1201 ||| Stepping ~*~*~tactically~*~*~ (stealth).
  1204 | D:2      | Reached skill level 4 in Axes
  1236 | D:2      | 1236 ||| Stepping ~*~*~tactically~*~*~ (stealth).
  1257 | D:2      | 1257 ||| Stepping ~*~*~tactically~*~*~ (stealth).
  1704 | D:2      | Found a basalt altar of Yredelemnul.
  1768 | D:2      | Noticed Terence
  1778 | D:2      | HP: 5/21 [Terence/+0 hand axe (2)]
  1780 | D:2      | Killed Terence
  1781 | D:2      | Reached XP level 4. HP: 5/26 MP: 8/8
  2092 | D:2      | 2092 ||| UPGRADING to +0 plate armour.
  2102 | D:2      | 2102 ||| DROPPING +0 chain mail.
  2103 | D:2      | 2103 ||| READING scroll labelled SEIFUJ FYOT.
  2154 | D:3      | 2154 ||| PLANNING SEWER
  2168 | D:3      | Noticed Jessica
  2169 | D:3      | 2169 ||| Stepping ~*~*~tactically~*~*~ (hiding).
  2170 | D:3      | 2170 ||| Stepping ~*~*~tactically~*~*~ (hiding).
  2177 | D:3      | Killed Jessica
  2179 | D:3      | Reached skill level 5 in Axes
  2341 | D:3      | Found a runed translucent door.
  2361 | D:3      | Noticed qw's ghost (amateur TeWr)
  2488 | D:3      | Found a bloodstained altar of Trog.
  2542 | D:3      | Gained mutation: Your magical nature lets you fly swiftly
                  | and evasively. [Tengu growth]
  2542 | D:3      | Reached XP level 5. HP: 27/30 MP: 9/9
  2718 | D:3      | Found a glowing silver altar of Zin.
  2854 | D:3      | 2854 ||| Stepping ~*~*~tactically~*~*~ (stealth).
  2856 | D:3      | 2856 ||| Stepping ~*~*~tactically~*~*~ (stealth).
  2857 | D:3      | 2857 ||| Stepping ~*~*~tactically~*~*~ (stealth).
  2935 | D:3      | Found a glowing drain.
  2942 | D:3      | 2942 ||| UPGRADING to +6 ring of strength.
  2943 | D:3      | 2943 ||| READING 2 scrolls labelled FYEGHOSIUS.
  2944 | D:3      | 2944 ||| READING scroll labelled LAUSOV LY LYTI.
  2945 | D:3      | 2945 ||| READING scroll labelled TEVAFAN FOROY.
  2975 | D:3      | 2975 ||| Stepping ~*~*~tactically~*~*~ (stealth).
  2983 | D:3      | 2983 ||| Stepping ~*~*~tactically~*~*~ (stealth).
  3083 | D:3      | 3083 ||| READING 2 scrolls of identify.
  3083 | D:3      | 3083 ||| IDENTIFYING white potion
  3084 | D:3      | 3084 ||| DROPPING scroll of fear.
  3104 | D:3      | Reached skill level 6 in Axes
  3213 | D:3      | 3213 ||| Stepping randomly (stuck).
  3214 | D:3      | 3214 ||| RIP SEWER
  3214 | D:3      | 3214 ||| PLANNING D:1-11
  3306 | D:4      | 3306 ||| Stepping ~*~*~tactically~*~*~ (stealth).
  3320 | D:4      | Reached XP level 6. HP: 26/35 MP: 10/10
  3320 | D:4      | 3320 ||| FLEEEEING.
  3321 | D:4      | 3321 ||| STAIRDANCE
  3727 | D:4      | Noticed Eustachio
  3742 | D:4      | 3742 ||| FLEEEEING.
  3743 | D:4      | 3743 ||| FLEEEEING.
  3759 | D:4      | 3759 ||| FLEEEEING.
  3760 | D:4      | 3760 ||| FLEEEEING.
  3761 | D:4      | 3761 ||| FLEEEEING.
  3773 | D:4      | Killed Eustachio
  3774 | D:4      | Reached skill level 7 in Axes
  3836 | D:4      | 3836 ||| Stepping ~*~*~tactically~*~*~ (stealth).
  3923 | D:4      | Identified the +0 pair of boots "Jitafeha" {rC+ Stlth+}
  4017 | D:4      | Found a staircase to the Ecumenical Temple.
  4018 | D:4      | 4018 ||| PLANNING TEMPLE
  4018 | D:4      | 4018 ||| UPGRADING to ring of resist corrosion.
  4019 | D:4      | 4019 ||| READING 3 scrolls of identify.
  4019 | D:4      | 4019 ||| IDENTIFYING amethyst potion
  4020 | D:4      | 4020 ||| READING 2 scrolls of identify.
  4020 | D:4      | 4020 ||| IDENTIFYING fuming green potion
  4021 | D:4      | 4021 ||| DROPPING potion of lignification.
  4030 | Temple   | Entered the Ecumenical Temple
  4088 | Temple   | Became a worshipper of Warmaster Okawaru
  4168 | Temple   | 4168 ||| PLANNING D:1-11
  4239 | D:4      | Reached XP level 7. HP: 28/40 MP: 11/11
  4399 | D:4      | Found a runed translucent door.
  4403 | D:4      | Noticed qw's ghost (amateur TeWr)
  4607 | D:4      | Reached skill level 3 in Fighting
  4698 | D:4      | 4698 ||| Stepping ~*~*~tactically~*~*~ (stealth).
  4700 | D:4      | 4700 ||| Stepping ~*~*~tactically~*~*~ (stealth).
  4753 | D:4      | Noticed Robin
  4766 | D:4      | Killed Robin
  4770 | D:4      | HP: 10/41 [poisoned by Robin]
  4775 | D:4      | HP: 6/41 [poisoned by Robin]
  5152 | D:4      | 5152 ||| UPGRADING to +0 pair of gloves.
  5157 | D:4      | 5157 ||| READING scroll labelled FIKHLE SONE.
  5158 | D:4      | 5158 ||| READING 3 scrolls of identify.
  5158 | D:4      | 5158 ||| IDENTIFYING black potion
  5159 | D:4      | 5159 ||| READING 2 scrolls of identify.
  5159 | D:4      | 5159 ||| IDENTIFYING lumpy brown potion
  5160 | D:4      | 5160 ||| DROPPING potion of degeneration.
  5161 | D:4      | 5161 ||| DROPPING potion of invisibility.
  5203 | D:5      | Entered Level 5 of the Dungeon
  5204 | D:5      | 5204 ||| PLANNING OSSUARY
  5220 | D:5      | 5220 ||| Stepping ~*~*~tactically~*~*~ (stealth).
  5222 | D:5      | 5222 ||| Stepping ~*~*~tactically~*~*~ (stealth).
  5266 | D:5      | 5266 ||| Stepping ~*~*~tactically~*~*~ (stealth).
  5267 | D:5      | 5267 ||| Stepping ~*~*~tactically~*~*~ (stealth).
  5306 | D:5      | 5306 ||| Stepping ~*~*~tactically~*~*~ (hiding).
  5431 | D:5      | Reached skill level 3 in Armour
  5435 | D:5      | HP: 9/41 [poisoned by a water moccasin]
  5440 | D:5      | HP: 4/41 [poisoned by a water moccasin]
  5759 | D:5      | 5759 ||| DROPPING +0 whip.
  5852 | D:5      | Reached * piety under Okawaru
  5917 | D:5      | 5917 ||| RIP OSSUARY
  5924 | D:5      | 5924 ||| PLANNING D:1-11
  5953 | D:5      | Noticed a two-headed ogre
  5954 | D:5      | 5954 ||| INVOKING Heroism.
  5966 | D:5      | Mangled by a two-headed ogre

Levels and vault maps discovered:
D:1:      psy_arrival_terrarium, layout_loops_ring, shapermc_ecumenical_altar_gd
D:2:      wad_crossroads, layout_basic, basic_altar, minmay_nonomino_d4,
          uniq_terence
D:3:      layout_loops_ring, mainiacjoe_overflow_alcove_4, trog_hazing_becter,
          gup_sewer_entry_pipe, ebering_ghost_reflecting_pool, feat_on_display,
          uniq_jessica
D:4:      kennysheep_goblin_castle, layout_basic,
          minmay_temple_entry_antechambers, ebering_ghost_reflecting_pool,
          uniq_eustachio
D:5:      layout_loops_corners, enter_ossuary_4, nicolae_shop_vocational,
          uniq_crazy_yiuf_cottage, uniq_grinder
Temple:   nicolae_temple_bog_church

Skill      XL: |  1  2  3  4  5  6  7 |
---------------+----------------------+-----
Axes           | 3 4 5 6 7 |  7.9
Armour         | 2 3 |  3.9
Fighting       | 3 |  3.2
Throwing       | |  1.9
Dodging        | |  2.1
Spellcasting   | |  2.0
Translocations | |  2.4

Action                   |  1- 3 |  4- 6 |  7- 9 || total
-------------------------+-------+-------+-------++-------
Melee: Hand axe          |    88 |    82 |    67 ||   237
       Kick              |    19 |    22 |    22 ||    63
       Peck              |     9 |    10 |     8 ||    27
       Punch             |     1 |       |     3 ||     4
Throw: Boomerang         |     7 |     4 |    21 ||    32
       Javelin           |     3 |    42 |    19 ||    64
Invok: Heroism           |       |       |     1 ||     1
  Use: Scroll            |     2 |     7 |     3 ||    12
 Stab: Distracted        |       |       |     1 ||     1
Armor: Leather armour    |    14 |       |       ||    14
       Chain mail        |    20 |       |       ||    20
       Plate armour      |       |    72 |    23 ||    95
Dodge: Dodged            |    27 |    21 |    16 ||    64

Table legend:
 A = Non-vault XP
 B = Vault XP
 C = Vault XP percentage of total XP
 D = Non-vault monster count
 E = Vault monster count
 F = Vault count percentage of total count
                 A         B        C        D         E       F
            +---------+---------+-------+---------+---------+-------
      Total |     752 |     360 |  32.4 |      64 |      43 |  40.2
            +---------+---------+-------+---------+---------+-------
        D:1 |      35 |       0 |   0.0 |      22 |       0 |   0.0
        D:2 |      14 |      63 |  81.8 |       6 |       9 |  60.0
        D:3 |     132 |      60 |  31.2 |      14 |      13 |  48.1
        D:4 |     209 |     237 |  53.1 |      14 |      21 |  60.0
        D:5 |     362 |       0 |   0.0 |       8 |       0 |   0.0
            +---------+---------+-------+---------+---------+-------
